 Dungeon Crawl Stone Soup version 0.32-a0-871-ge202e49faa (webtiles) character file.

Game seed: 2893527734919571266

488 porpoise the Shooter (level 6, -3/56 HPs)
             Began as a Minotaur Hunter on Mar 30, 2024.
             Slain by Edmund
             ... wielding a +3 flail of protection
              (8 damage)
             ... on level 4 of the Dungeon.
             The game lasted 00:06:28 (2985 turns).

porpoise the Shooter (Minotaur Hunter)              Turns: 2985, Time: 00:06:28

Health: -3/56      AC:  4    Str: 15    XL:     6   Next: 90%
Magic:  5/5        EV: 11    Int:  6    God:
Gold:   197        SH:  0    Dex: 16    Spells: 5/5 levels left

rFire   . . .        a - +0 shortbow
rCold   . . .        (shield currently unavailable)
rNeg    . . .        c - +1 leather armour
rPois   .            (helmet restricted)
rElec   .            (no cloak)
rCorr   .            (no gloves)
SInv    .            (no boots)
Will    .....        (no amulet)
Stlth   +            (no ring)
HPRegen 0.29/turn    (no ring)
MPRegen 0.09/turn

%: no passive effects
@: no status effects
A: horns 2, retaliatory headbutt
a: no special abilities


You were on level 4 of the Dungeon.
You visited 1 branch of the dungeon, and saw 4 of its levels.

You collected 197 gold pieces.

Inventory:

Hand Weapons
 a - a +0 shortbow (weapon)
Missiles
 i - 7 poisoned darts (quivered)
 l - 6 boomerangs
Armour
 c - a +1 leather armour (worn)
Jewellery
 e - a ring of magical power
Scrolls
 b - a scroll of butterflies
 f - a scroll of poison {unknown}
 g - a scroll of amnesia {unknown}
 h - a scroll of revelation {unknown}
 j - 3 scrolls of identify
 k - 4 scrolls of enchant armour
 o - a scroll of immolation {unknown}
 p - a scroll of fog {unknown}
 q - a scroll of blinking {unknown}
Potions
 d - a potion of brilliance
 m - a potion of haste
 n - a potion of berserk rage


   Skills:
 + Level 5.5 Fighting
 * Level 7.8 Ranged Weapons
 - Level 2.1 Dodging
 - Level 0.7 Stealth


You had 5 spell levels left.
You didn't know any spells.
Your spell library contained the following spells:

 Spells                   Type           Power      Damage    Failure   Level
 Shock                    Conj/Air       0%         1d3       52%         1
 Swiftness                Air            0%         N/A       88%         3
 Airstrike                Air            0%         2d(0-16)  99%         4
 Leda's Liquefaction      Alch/Erth      0%         N/A       99%         4
 Petrify                  Alch/Erth      0%         N/A       99%         4
 Metabolic Englaciation   Hex/Ice        0%         N/A       100%        5


Dungeon Overview and Level Annotations

Branches:
Dungeon (4/15)
 Temple: D:4-7

Altars:
Ashenzari
Fedhas

Shops:
D:1 =

Annotations:
D:4 Edmund


Innate Abilities, Weirdness & Mutations

You have a pair of horns on your head.
You reflexively headbutt those who attack you in melee.


Message History

Unknown command.
Throw: 8 darts (poison)
Press: ? - help, Q - select action, (/) - cycle Shift-Dir - straight line, f - Edmund
Aim: Edmund, wielding a +3 flail of protection and wearing a +0 scale mail (asleep, 98% to hit)
You throw a poisoned dart. The poisoned dart hits Edmund.
Edmund is poisoned.
Unknown command.
You shoot an arrow.
The arrow hits Edmund but does no damage.
Edmund is lightly wounded.
Edmund hits you with a +3 flail of protection.
You shoot an arrow. The arrow hits Edmund.
Edmund is lightly wounded.
Edmund hits you with a +3 flail of protection!
You shoot an arrow. The arrow hits Edmund.
Edmund is lightly wounded.
Edmund completely misses you.
You shoot an arrow.
The arrow hits Edmund but does no damage.
Edmund is lightly wounded.
Edmund hits you with a +3 flail of protection!
You shoot an arrow. The arrow hits Edmund.
Edmund is moderately wounded.
Edmund looks more healthy.
Edmund hits you with a +3 flail of protection!
You shoot an arrow. The arrow closely misses Edmund.
Edmund hits you with a +3 flail of protection!
You shoot an arrow. The arrow hits Edmund.
Edmund is moderately wounded.
Edmund barely misses you. You furiously retaliate!
You headbutt Edmund. You shoot an arrow. The arrow hits Edmund.
Edmund is heavily wounded.
Edmund hits you with a +3 flail of protection!
* * * LOW HITPOINT WARNING * * *
You shoot an arrow. The arrow barely misses Edmund.
Edmund barely misses you.
You shoot an arrow.
The arrow hits Edmund but does no damage.
Edmund is heavily wounded.
Edmund hits you with a +3 flail of protection!
You die...
Edmund says, "I'd like to see a scythe do that!"

###############
#.@...........#
#@###########.#
..( #.# #### #.#
#########.#
#<........#
#.######..# #####
#####.# #..#
#...#
###..)..######..#


You could see Edmund.

Vanquished Creatures
  Grinder (D:3)
  A phantom (D:4)
  A jelly (D:4)
  Jessica (D:2)
  Natasha (thrice) (D:3)
  2 adders (D:2)
  2 ribbon worms
  2 dart slugs (D:1)
  An orc (D:3)
  6 endoplasms
  2 giant cockroaches (D:2)
  7 goblins
  4 hobgoblins
  8 jackals
  3 quokkas (D:1)
  7 ball pythons
  5 bats
  2 frilled lizards
  8 kobolds
  5 rats
71 creatures vanquished.

Notes
Turn   | Place    | Note
-------+----------+-------------------------------------------
     0 | D:1      | porpoise the Minotaur Hunter began the quest for the Orb.
     0 | D:1      | Reached XP level 1. HP: 18/18 MP: 0/0
    87 | D:1      | Found Buedarr's Jewellery Boutique.
   160 | D:1      | Reached XP level 2. HP: 25/25 MP: 1/1
   311 | D:1      | Reached skill level 5 in Ranged Weapons
   462 | D:1      | Reached XP level 3. HP: 31/31 MP: 2/2
   928 | D:2      | Found a broken altar of Ashenzari.
   970 | D:2      | Noticed Jessica
   977 | D:2      | Killed Jessica
   978 | D:2      | Reached XP level 4. HP: 37/40 MP: 3/3
  1453 | D:3      | Noticed Grinder
  1459 | D:3      | Paralysed by Grinder for 3 turns
  1466 | D:3      | Paralysed by Grinder for 5 turns
  1469 | D:3      | HP: 2/40 [Grinder (4)]
  1473 | D:3      | Killed Grinder
  1474 | D:3      | Reached skill level 7 in Ranged Weapons
  1474 | D:3      | Reached XP level 5. HP: 19/47 MP: 4/4
  1474 | D:3      | Reached XP level 6. HP: 22/55 MP: 5/5
  1730 | D:3      | Found a blossoming altar of Fedhas.
  2281 | D:3      | Noticed Natasha
  2293 | D:3      | Killed Natasha
  2294 | D:3      | Reached skill level 5 in Fighting
  2396 | D:3      | Noticed Natasha
  2403 | D:3      | Killed Natasha
  2631 | D:3      | Noticed Natasha
  2637 | D:3      | Killed Natasha
  2974 | D:4      | Noticed Edmund
  2985 | D:4      | Slain by Edmund

Illustrated notes

Levels and vault maps discovered:
D:1:      amcnicky_arrival_blooded_trapdoor, layout_loops_ring, serial_shops,
          shop, minmay_hedge_maze, minmay_split_cup_small
D:2:      layout_loops_ring, basic_altar, grunt_decor_fettered, uniq_jessica
D:3:      layout_basic, lemuel_coloured_pillars_altar, uniq_grinder,
          uniq_natasha
D:4:      layout_loops_ring, tso_altar, nemelex_dance_club_becter,
          minmay_temple_entry_overgrown, uniq_menkaure, uniq_pikel, uniq_edmund,
          uniq_blork_the_orc

Skill      XL: |  1  2  3  4  5  6 |
---------------+-------------------+-----
Fighting       | 3 4 5 |  5.5
Ranged Weapons | 5 7 |  7.8
Dodging        | |  2.1
Stealth        | |  0.7

Action                     |  1- 3 |  4- 6 || total
---------------------------+-------+-------++-------
   Fire: Shortbow          |   110 |   138 ||   248
  Throw: Dart              |       |     1 ||     1
    Use: Potion            |       |     1 ||     1
         Scroll            |       |     4 ||     4
 Armour: Leather armour    |    22 |    40 ||    62
  Dodge: Dodged            |    18 |    29 ||    47

Table legend: (Time is in decaauts)
 A = Elapsed time spent in this place.
 B = Non-inter-level travel time spent in this place.
 C = Inter-level travel time spent in this place.
 D = Time resting spent in this place.
 E = Time spent auto-exploring this place.
 F = Levels seen in this place.
 G = Mean time per level.
                   A        B        C        D        E       F      G
               +--------+--------+--------+--------+--------+-----+--------+
         Total |   3015 |   2934 |     81 |    449 |   2040 |   4 |  753.8 |
       Dungeon |   3015 |   2934 |     81 |    449 |   2040 |   4 |  753.8 |
               +--------+--------+--------+--------+--------+-----+--------+

Top non-repeatable levels by time:
     D:3: 1497 daAuts
     D:1: 773 daAuts
     D:2: 615 daAuts
     D:4: 128 daAuts
